 Dungeon Crawl Stone Soup version 0.29.1-2-gbd0b4ee654 (webtiles) character file.

Game seed: 9136791399613492262

457 styxcanada the Covered (level 6, -7/56 HPs)
             Began as a Minotaur Fighter on Nov 27, 2022.
             Mangled by Edmund
             ... wielding a +4 flail of protection
              (11 damage)
             ... on level 4 of the Dungeon.
             The game lasted 00:11:34 (3646 turns).

styxcanada the Covered (Minotaur Fighter)           Turns: 3646, Time: 00:11:35

Health: -7/56      AC: 12    Str: 23    XL:     6   Next: 77%
Magic:  5/5        EV:  8    Int:  5    God:
Gold:   297        SH:  4    Dex:  9    Spells: 5/5 levels left

rFire   . . .      SeeInvis .   a - +0 war axe (venom)
rCold   . . .      Faith    .   c - +0 buckler
rNeg    + . .      Spirit   .   m - +0 chain mail
rPois   +          Reflect  .   (helmet restricted)
rElec   .          Harm     .   t - +0 cloak
rCorr   .          Rampage  .   p - +0 pair of gloves
Will    .....                   (no boots)
Stlth   ..........              (no amulet)
HPRegen 0.18/turn               k - ring of poison resistance
MPRegen 0.09/turn               w - ring of positive energy

@: no status effects
A: horns 2, retaliatory headbutt
a: no special abilities


You were on level 4 of the Dungeon.
You visited 1 branch of the dungeon, and saw 4 of its levels.
You also visited: Sewer.

You collected 297 gold pieces.

Inventory:

Hand Weapons
 a - a +0 war axe of venom (weapon)
 l - a +0 mace
 q - a +0 sling
 u - a +2 dagger of holy wrath
Missiles
 e - 45 stones
 f - 5 atropa-tipped darts (quivered)
 i - 6 javelins
 v - 5 poisoned darts
Armour
 c - a +0 buckler (worn)
 m - a +0 chain mail (worn)
 p - a +0 pair of gloves (worn)
 t - a +0 cloak (worn)
Jewellery
 k - a ring of poison resistance (left hand)
 o - an amulet of faith
 w - a ring of positive energy (right hand)
Wands
 r - a wand of roots (8)
 x - a wand of polymorph (6)
Scrolls
 g - 4 scrolls of identify
 y - a scroll of magic mapping
Potions
 b - 3 potions of curing
 d - 2 potions of might
 h - a potion of ambrosia
 j - a potion of magic
 n - a potion of lignification
 s - a potion of flight


   Skills:
 * Level 5.4 Fighting
 + Level 5.4 Axes
 + Level 0.1 Throwing
 * Level 6.2 Armour
 + Level 0.5 Dodging
 + Level 4.2 Shields


You had 5 spell levels left.
You didn't know any spells.
Your spell library was empty.

Dungeon Overview and Level Annotations

Branches:
Dungeon (4/15)             Temple (0/1) D:4           Sewer (visited)

Altars:
Zin

Annotations:
D:4 Edmund


Innate Abilities, Weirdness & Mutations

You have a pair of horns on your head.
You reflexively headbutt those who attack you in melee.


Message History

Edmund hits you with a +4 flail of protection.
You hit Edmund but do no damage.
Edmund is poisoned.
Edmund is lightly wounded.
Edmund hits you with a +4 flail of protection.
Edmund hits you with a +4 flail of protection!
You barely miss Edmund.
Edmund is lightly wounded.
Edmund hits you with a +4 flail of protection!
You hit Edmund.
Edmund looks as sick as possible!
Edmund is moderately wounded.
Edmund hits you with a +4 flail of protection.
You hit Edmund.
Edmund looks as sick as possible!
Your headbutt misses Edmund.
Edmund is moderately wounded.
Edmund hits you but does no damage. x2
You hit Edmund.
Edmund looks as sick as possible!
Edmund is heavily wounded.
Edmund hits you with a +4 flail of protection.
You closely miss Edmund.
Edmund is heavily wounded.
Edmund hits you but does no damage.
You hit Edmund.
Edmund looks as sick as possible!
You headbutt Edmund, but do no damage.
Edmund is severely wounded.
Edmund hits you but does no damage. You block Edmund's attack.
You barely miss Edmund. Your headbutt misses Edmund.
Edmund is severely wounded.
Edmund closely misses you.
You completely miss Edmund. You headbutt Edmund.
Edmund is severely wounded.
Edmund hits you with a +4 flail of protection.
You barely miss Edmund.
Edmund is severely wounded.
Edmund hits you with a +4 flail of protection!
* * * LOW HITPOINT WARNING * * *
You closely miss Edmund. You headbutt Edmund, but do no damage.
Edmund is almost dead.
Edmund hits you with a +4 flail of protection!
* * * LOW HITPOINT WARNING * * *
Edmund hits you with a +4 flail of protection!
You die...

*,**
**,,*,,,,,,***,,****,,,,*,
*,,* *#....,,,**
**,,*,,,,,,,, **,**
#....,,** *,.,,*****,,
**,,* *#....,* **..,** **,
,,,,*****##....** *##..,,*
*,
,,,,,,,,,......#*##..##..*
#.
***,,****.......#...***..*
#. **,** *#.....@..#**
*#.## #. *,,* #......@###
#..# #. **,**
#.........### #..## ##.
*,,*
##....#.....####..####..
,,**
**#..####..#.......##....
,,* **...,*
##.#####......... ,**
***,..,,** #..* ###.....#.
,,****,,,.,,,,* ##.#
*#........ ,,,,,,,*,,,,,,*
*.#**#..##.....
,,,,,,****,,,,**
*..*#..#*###...


You could see Edmund (extremely poisoned).

Vanquished Creatures
  Pargi (Sewer)
  A phantom (D:4)
  An orc priest (D:3)
  Terence (D:3)
  An iguana (D:3)
  Robin (D:3)
  6 adders
  2 river rats (D:3)
  3 worms
  A dart slug (D:4)
  8 orcs
  5 bats
  6 endoplasms
  6 giant cockroaches
  8 goblins
  15 hobgoblins
  9 jackals
  5 quokkas
  5 ball pythons
  7 frilled lizards
  6 kobolds
  11 rats
109 creatures vanquished.

Vanquished Creatures (others)
  8 fungi (D:3)
  6 toadstools (D:3)
14 creatures vanquished.

Grand Total: 123 creatures vanquished

Notes
Turn   | Place    | Note
-------+----------+-------------------------------------------
     0 | D:1      | styxcanada the Minotaur Fighter began the quest for the
                  | Orb.
     0 | D:1      | Reached XP level 1. HP: 19/19 MP: 0/0
    87 | D:1      | Found a faded altar of an unknown god.
   238 | D:1      | Reached XP level 2. HP: 27/27 MP: 1/1
   422 | D:1      | Reached skill level 4 in Armour
   947 | D:2      | Reached XP level 3. HP: 27/33 MP: 2/2
  1193 | D:2      | Reached XP level 4. HP: 26/40 MP: 3/3
  1629 | D:2      | Reached skill level 5 in Armour
  1961 | D:3      | Found a glowing silver altar of Zin.
  2258 | D:3      | Reached XP level 5. HP: 47/47 MP: 4/4
  2259 | D:3      | Reached skill level 5 in Fighting
  2305 | D:3      | Found a glowing drain.
  2314 | Sewer    | Entered a sewer
  2467 | Sewer    | Noticed Pargi
  2473 | Sewer    | Killed Pargi
  2584 | D:3      | Reached XP level 6. HP: 52/56 MP: 5/5
  2798 | D:3      | Noticed Robin
  2806 | D:3      | Reached skill level 6 in Armour
  2815 | D:3      | Killed Robin
  3148 | D:3      | Noticed Terence
  3155 | D:3      | Killed Terence
  3263 | D:3      | Reached skill level 5 in Axes
  3629 | D:4      | Noticed Edmund
  3646 | D:4      | Mangled by Edmund

Illustrated notes

Levels and vault maps discovered:
D:1:      dpeg_arrival_chambers_temple_mockup, layout_loops_ring,
          hellmonk_ecumenical_altar_arch_garden, minmay_door_square,
          minmay_box_of_dots
D:2:      layout_basic, minmay_heptomino_w4
D:3:      layout_loops_corners, mainiacjoe_overflow_catwalk,
          lightli_sewer_entry_pipes, minmay_gold_behind_fungi, uniq_robin,
          uniq_terence
D:4:      layout_layer_cave, temple_green, uniq_natasha, uniq_grinder,
          uniq_edmund

Skill      XL: |  1  2  3  4  5  6 |
---------------+-------------------+-----
Fighting       | 4 5 |  5.4
Armour         | 4 5 6 |  6.2
Axes           | 3 4 5 |  5.4
Shields        | 4 |  4.2
Throwing       | |  0.1
Dodging        | |  0.5

Action                   |  1- 3 |  4- 6 || total
-------------------------+-------+-------++-------
Melee: War axe           |    91 |   168 ||   259
       Headbutt          |     8 |    23 ||    31
Throw: Dart              |       |     2 ||     2
  Use: Scroll            |       |    11 ||    11
Armor: Scale mail        |    28 |       ||    28
       Chain mail        |    25 |    85 ||   110
Dodge: Dodged            |    49 |    48 ||    97
Block: Buckler           |    23 |    24 ||    47
